 Dungeon Crawl Stone Soup version 0.32-a0-520-g344ed53f66 (webtiles) character file.

Game seed: 8608596917189701548

1309 zenocrate the Skirmisher (level 8, -1/57 (64) HPs)
             Began as a Minotaur Hunter on Feb 28, 2024.
             Was an Initiate of Qazlal.
             Slain by a wight
             ... wielding a +3 great sword
              (5 damage)
             ... on level 6 of the Dungeon.
             The game lasted 00:07:17 (5615 turns).

zenocrate the Skirmisher (Minotaur Hunter)          Turns: 5615, Time: 00:07:18

HP:   -1/57 (64)    AC:  6    Str: 15    XL:     8   Next: 32%
MP:   9/9           EV: 11    Int:  6    God:    Qazlal [......]
Gold: 287           SH:  0    Dex: 23    Spells: 6/9 levels left

rFire   . . .        a - +0 shortbow
rCold   + . .        (shield currently unavailable)
rNeg    . . .        e - +0 ring mail
rPois   .            (helmet restricted)
rElec   .            (no cloak)
rCorr   .            w - +0 pair of gloves
SInv    .            (no boots)
Will    .....        (no amulet)
Stlth   +            r - ring of Fyepayz {rC+ Dex+6}
HPRegen 0.29/turn    (no ring)
MPRegen 0.11/turn

%: no passive effects
@: heavily drained
A: horns 2, retaliatory headbutt
a: Renounce Religion


You were on level 6 of the Dungeon.
You worshipped Qazlal.
Qazlal was noncommittal.
You visited 1 branch of the dungeon, and saw 6 of its levels.

You collected 287 gold pieces.

Inventory:

Hand Weapons
 a - a +0 shortbow (weapon)
Armour
 c - a +0 leather armour
 e - a +0 ring mail (worn)
 k - the +0 scale mail of the Hidden Continents {Harm rF++ Will+ Dex-4}
   (You found it on level 2 of the Dungeon)

   Dex-4:     It affects your dexterity (-4).
   rF++:      It greatly protects you from fire.
   Will+:     It increases your willpower.
   Harm:      It increases damage dealt and taken.
 w - a +0 pair of gloves (worn)
Jewellery
 r - the ring of Fyepayz (left hand) {rC+ Dex+6}
   (You found it on level 4 of the Dungeon)

   [ring of dexterity]

   Dex+6:     It affects your dexterity (+6).
   rC+:       It protects you from cold.
Wands
 b - a wand of iceblast (7)
Scrolls
 f - a scroll of acquirement {unknown}
 g - 2 scrolls of vulnerability {unknown}
 i - a scroll of teleportation
 j - 2 scrolls of immolation {unknown}
 m - 2 scrolls of revelation {unknown}
 n - 2 scrolls of fog {unknown}
 o - 2 scrolls of blinking
 t - 2 scrolls of brand weapon {unknown}
 u - 2 scrolls of enchant armour {unknown}
 y - a scroll of enchant weapon {unknown}
Potions
 d - 2 potions of brilliance
 l - a potion of heal wounds
 p - a potion of might {unknown}
 q - 2 potions of lignification {unknown}
 s - a potion of ambrosia {unknown}
 v - a potion of curing
 x - a potion of invisibility {unknown}


   Skills:
 - Level 3.6 Fighting
 + Level 11.0 Ranged Weapons
 - Level 2.1 Dodging
 - Level 0.7 Stealth
 - Level 1.0 Spellcasting
 + Level 2.7 Invocations


You had 6 spell levels left.
You knew the following spells:

 Your Spells              Type           Power      Damage    Failure   Level
a - Fugue of the Fallen   Necr           0%         N/A       95%         3

Your spell library contained the following spells:

 Spells                   Type           Power      Damage    Failure   Level
 Kiss of Death            Conj/Necr      0%         2d5       65%         1
 Summon Small Mammal      Summ           0%         N/A       65%         1
 Ensorcelled Hibernation  Hex/Ice        0%         N/A       80%         2
 Scorch                   Fire           0%         2d5       80%         2
 Confusing Touch          Hex            0%         N/A       95%         3
 Ozocubu's Armour         Ice            0%         N/A       95%         3
 Passwall                 Erth           0%         N/A       95%         3
 Swiftness                Air            0%         N/A       95%         3
 Dispel Undead            Necr           0%         3d6       100%        4
 Flame Wave               Conj/Fire      0%         2d4       100%        4
 Manifold Assault         Tloc           0%         N/A       100%        4
 Summon Cactus Giant      Summ           0%         N/A       100%        6


Dungeon Overview and Level Annotations

Branches:
Dungeon (6/15)
 Temple: D:4-7

Altars:
Gozag
Kikubaaqudgha
Qazlal
Sif Muna
Trog
Vehumet


Innate Abilities, Weirdness & Mutations

You have a pair of horns on your head.
You reflexively headbutt those who attack you in melee.


Message History

You now have 287 gold pieces (gained 3).
There is an open door here.
A wight is nearby!
You shoot an arrow.
The arrow hits the wight but does no damage.
You shoot an arrow.
The arrow hits the wight but does no damage.
You shoot an arrow.
The arrow hits the wight but does no damage.
You shoot an arrow. The arrow closely misses the wight.
You shoot an arrow. The arrow barely misses the wight.
You shoot an arrow. The arrow hits the wight.
The wight is lightly damaged.
You shoot an arrow.
The arrow hits the wight but does no damage.
The wight is lightly damaged.
The wight hits you with a +3 great sword!!
You shoot an arrow. The arrow hits the wight.
The wight is heavily damaged.
You shoot an arrow. The arrow hits the wight.
The wight is severely damaged.
The wight barely misses you.
You shoot an arrow. The arrow barely misses the wight.
The wight hits you with a +3 great sword!!
You feel drained.
You are too injured to fight recklessly!
Unknown command.
You shoot an arrow.
The arrow hits the wight but does no damage.
The wight is severely damaged.
The wight hits you with a +3 great sword.
* * * LOW HITPOINT WARNING * * *
Unknown command.
Unknown command.
Unknown command.
You shoot an arrow. The arrow closely misses the wight.
The wight hits you with a +3 great sword!
* * * LOW HITPOINT WARNING * * *
You feel drained.
You die...

##..## #.<.## ...# ######.....
.... #....##.... ...######
#....#..... #
#>.##...########....##..##
###.###..##.........#.....######
..........#......[..#......#....
....z..$..#..z.@....#......#....
#)# #.##.z##..####'###>###
#######.###.##..##..###..###'###
...........[[.#................#.
........z.....#................#.
.....)...#.#..#...............<#.
..............#................#.
#...###..[...#..##...##..######.
#...###..#.###).##...##..##..##.


You could see 2 wights.

Vanquished Creatures
  2 sky beasts (D:6)
  A black bear (D:5)
  2 phantoms
  A scorpion (D:6)
  A wight (D:6)
  A gnoll bouda (D:6)
  2 bombardier beetles
  A hound (D:4)
  A quasit (D:4)
  3 orc priests
  2 jellies
  An iguana (D:5)
  6 orc wizards
  8 gnolls
  6 adders
  A shadow imp (D:4)
  3 white imps (D:4)
  2 ufetubi (D:4)
  3 ribbon worms
  10 dart slugs
  12 orcs
  6 ball pythons
  8 bats
  13 endoplasms
  5 giant cockroaches
  8 hobgoblins
  7 kobolds
  2 quokkas (D:1)
  3 frilled lizards (D:1)
  8 goblins
  2 rats
131 creatures vanquished.

Notes
Turn   | Place    | Note
-------+----------+-------------------------------------------
     0 | D:1      | zenocrate the Minotaur Hunter began the quest for the Orb.
     0 | D:1      | Reached XP level 1. HP: 18/18 MP: 0/0
   209 | D:1      | Reached XP level 2. HP: 25/25 MP: 1/1
   236 | D:1      | Reached skill level 5 in Ranged Weapons
   886 | D:1      | Reached XP level 3. HP: 30/30 MP: 2/2
  1227 | D:2      | Reached XP level 4. HP: 31/39 MP: 3/3
  1398 | D:2      | Identified the +0 scale mail of the Hidden Continents {Harm
                  | rF++ Will+ Dex-4}
  1459 | D:2      | Reached skill level 6 in Ranged Weapons
  1509 | D:2      | Found a faded altar of an unknown god.
  1730 | D:2      | Learned a level 3 spell: Fugue of the Fallen
  1948 | D:3      | Identified the +2 whip of Gehenna {protect, +Blink rC+ rN+
                  | SInv}
  2112 | D:3      | Reached XP level 5. HP: 45/45 MP: 4/4
  2672 | D:4      | Reached skill level 7 in Ranged Weapons
  2728 | D:4      | Identified the ring of Fyepayz {rC+ Dex+6}
  2757 | D:4      | Reached XP level 6. HP: 27/51 MP: 5/5
  2774 | D:4      | Reached skill level 8 in Ranged Weapons
  3512 | D:4      | Found a bloodstained altar of Trog.
  3568 | D:4      | Found an ancient bone altar of Kikubaaqudgha.
  3571 | D:4      | Reached XP level 7. HP: 57/57 MP: 6/6
  3576 | D:4      | Found a shimmering blue altar of Sif Muna.
  3581 | D:4      | Reached skill level 9 in Ranged Weapons
  3788 | D:4      | Got Sif Muna's Volume of Hubris
  3798 | D:4      | Found a radiant altar of Vehumet.
  3873 | D:5      | Entered Level 5 of the Dungeon
  4048 | D:5      | Found an opulent altar of Gozag.
  4219 | D:5      | Reached skill level 10 in Ranged Weapons
  4288 | D:5      | Found a stormy altar of Qazlal.
  4373 | D:5      | Became a worshipper of Qazlal Stormbringer
  4408 | D:6      | Reached skill level 1 in Spellcasting
  4446 | D:6      | Reached XP level 8. HP: 33/64 MP: 8/8
  4582 | D:6      | Reached skill level 1 in Invocations
  5350 | D:6      | Reached skill level 11 in Ranged Weapons
  5358 | D:6      | HP: 3/61 [wight/+3 great sword (13)]
  5615 | D:6      | Slain by a wight

Illustrated notes

Levels and vault maps discovered:
D:1:      dpeg_arrival_rooms_a, layout_basic
D:2:      layout_rooms, ebering_ecumenical_altar_webs, minmay_close_crescents
D:3:      layout_loops_ring
D:4:      kennysheep_slugbush, layout_basic, palyth_temple_overflow_mages,
          trog_book, serial_demonic, serial_demonic_a, serial_demonic_e,
          serial_demonic_b, serial_demonic_d
D:5:      layout_rooms, kennysheep_mini_moat, nicolae_gozag_seed_capital
D:6:      layout_gridville, minmay_misc_feat_five

Skill      XL: |  1  2  3  4  5  6  7  8 |
---------------+-------------------------+-----
Ranged Weapons | 5 6 7 8 10 11 | 11.0
Fighting       | 3 |  3.6
Spellcasting   | 1 |  1.0
Invocations    | 2 |  2.7
Dodging        | |  2.1
Stealth        | |  0.7

Action                     |  1- 3 |  4- 6 |  7- 9 || total
---------------------------+-------+-------+-------++-------
  Melee: Shortbow          |       |       |     8 ||     8
         Headbutt          |       |       |     2 ||     2
   Fire: Shortbow          |    78 |   227 |   196 ||   501
    Use: Scroll            |       |     5 |     4 ||     9
         Potion            |       |     1 |     4 ||     5
 Armour: Leather armour    |    21 |    11 |       ||    32
         Ring mail         |       |    64 |   138 ||   202
  Dodge: Dodged            |    23 |    72 |    55 ||   150
         Repelled          |       |    10 |     2 ||    12

Table legend: (Time is in decaauts)
 A = Elapsed time spent in this place.
 B = Non-inter-level travel time spent in this place.
 C = Inter-level travel time spent in this place.
 D = Time resting spent in this place.
 E = Time spent auto-exploring this place.
 F = Levels seen in this place.
 G = Mean time per level.
                   A        B        C        D        E       F      G
               +--------+--------+--------+--------+--------+-----+--------+
         Total |   5633 |   5428 |    205 |      3 |   4534 |   6 |  938.8 |
       Dungeon |   5633 |   5428 |    205 |      3 |   4534 |   6 |  938.8 |
               +--------+--------+--------+--------+--------+-----+--------+

Top non-repeatable levels by time:
     D:4: 1323 daAuts
     D:1: 1224 daAuts
     D:5: 885 daAuts
     D:6: 841 daAuts
     D:3: 778 daAuts
     D:2: 580 daAuts
